 Dungeon Crawl Stone Soup version 0.14-a0-1590-g25a9b7f (webtiles) character file.

2966 Piginabag the Quickloader (level 10, 0/58 HPs)
             Began as a Formicid Hunter on Dec 23, 2013.
             Was a Follower of Okawaru.
             Slain by an orc warrior
             ... wielding a +0,+1 orcish war axe
              (11 damage)
             ... on Level 7 of the Dungeon on Dec 24, 2013.
             The game lasted 00:23:52 (6693 turns).

Piginabag the Quickloader (Formicid Hunter)         Turns: 6693, Time: 00:23:52

HP   0/58        AC  4     Str 21      XL: 10   Next: 16%
MP  10/10        EV 13     Int 10      God: Okawaru [*.....]
Gold 286         SH  0     Dex 11      Spells:  0 memorised,  9 levels left

rFire  . . .     SeeInvis +     b - +2 crossbow
rCold  . . .     Clarity  .     d - +0 leather armour
rNeg   . . .     Conserve .     (no shield)
rPois  x         rCorr    .     (helmet unavailable)
rElec  .         rRot     .     (no cloak)
SustAb . .       Spirit   .     (no gloves)
rMut   .         Warding  .     (no boots)
Saprov . . .     Stasis   +     (no amulet)
                                (no ring)
                                (no ring)

@: somewhat resistant to hostile enchantments, fairly stealthy
A: permanent stasis, dig shafts and tunnels, four strong arms, poison weakness,
antennae 3, exoskeleton 1
a: Dig, Shaft Self, Heroism, Renounce Religion


You were on level 7 of the Dungeon.
You worshipped Okawaru.
Okawaru was aware of your devotion.
You were not hungry.

You visited 1 branch of the dungeon, and saw 7 of its levels.

You collected 286 gold pieces.

Inventory:

Hand weapons
 a - a +0 blowgun
 b - a +2,+2 crossbow (weapon)
 l - a +0,+0 hand axe
Missiles
 c - 6 bolts (quivered)
 q - 8 needles of slowing
 u - 30 poisoned needles
 G - 4 needles of sleeping
Armour
 d - a +0 leather armour (worn)
Magical devices
 m - a wand of disintegration (6) {unknown}
 v - a wand of cold (5) {unknown}
 E - a wand of fire (8) {unknown}
Comestibles
 f - 10 bread rations
 g - 7 meat rations
 x - a choko
 C - a pear
Scrolls
 e - 4 scrolls of enchant weapon I
 n - 2 scrolls of enchant armour {unknown}
 w - 4 scrolls of remove curse
 y - 2 scrolls of enchant weapon II
 A - a scroll of identify
 B - a scroll of fear
 F - a scroll of recharging {unknown}
 I - a scroll of immolation {unknown}
Potions
 h - a potion of cure mutation
 i - a potion of agility
 j - a potion of brilliance
 k - 2 potions of flight
 o - 2 potions of poison {unknown}
 p - a potion of resistance {unknown}
 t - a potion of curing
 D - a potion of confusion
 H - a potion of might
Books
 r - a book of Debilitation

   Spells                             Type                      Level
   Corona                             Hexes                        1
   Slow                               Hexes                        2
   Inner Flame                        Hexes/Fire                   3
   Enslavement                        Hexes                        4
   Cause Fear                         Hexes                        4
   Leda's Liquefaction                Hexes/Earth                  4


   Skills:
 + Level 1.9 Fighting
 + Level 1.8 Axes
 + Level 11.0 Crossbows
 + Level 0.7 Throwing
 + Level 3.9 Armour
 + Level 5.2 Dodging
 + Level 3.2 Stealth


You had 9 spell levels left.
You didn't know any spells.

Dungeon Overview and Level Annotations

Branches:
Dungeon (7/16)             Temple (0/1) D:6

Altars:
Kikubaaqudgha
Makhleb
Okawaru
Sif Muna

Annotations:
D:3 1 exclusion
D:4 Prince Ribbit


Innate Abilities, Weirdness & Mutations

Your are under a permanent stasis effect.
You can dig through walls and to a lower floor.
Your four strong arms can wield any weapon, most with a shield.
You are susceptible to poison.
You have a pair of large antennae on your head (SInv).
Your body is surrounded by an exoskeleton. (HP +5, AC +1)


Message History

The orc completely misses you.
Firing (i - inventory):
c - 7 bolts (quivered)
Press: ? - help, Shift-Dir - straight line, f/p - orc warrior
Aim: an orc warrior, wielding an orcish war axe and wearing an orcish chain mail (almost dead)
You shoot a bolt. The bolt misses the orc warrior.
The orc warrior barely misses you.
The orc hits you from afar with an orcish trident.
* * * LOW HITPOINT WARNING * * *
Drink which item? (? for menu, Esc to quit)
You feel much better.
The orc warrior hits you with an orcish war axe!
* * * LOW HITPOINT WARNING * * *
Drink which item? (? for menu, Esc to quit)
You feel better.
The orc hits you from afar with an orcish trident.
* * * LOW HITPOINT WARNING * * *
Drink which item? (? for menu, Esc to quit)
You feel better.
The orc warrior hits you with an orcish war axe!
You die...

.................................
#####.....#######............####
....#.....# #............#...
....#.....# #....#####...#...
....#.....# #....# #...#...
....#.....#######....# #.[.'..!
#'###............(...#####...#...
.........#######.............####
.........#....{#@#########.......
.........'.....#o# #.......
###......#.....#o# #.......
#......#.....(.# #.......
#......#.....).# #.......
#).....#.....#.# #..#####
#......#.....#.#########..#....
###.(....#######............#....
............................#....


You could see an orc warrior and an orc.

Vanquished Creatures
  The ghost of ReteAZ the Grappler, an experienced TrFi (D:6)
  Grinder (D:3)
  The ghost of MirrMurr the Covert, an average SpEn (D:4)
  A hippogriff (D:3)
  Edmund (D:7)
  A phantom (D:5)
  An ogre (D:7)
  Sigmund (D:2)
  A centaur (D:7)
  2 giant frogs
  Blork the orc (D:7)
  5 killer bees (D:7)
  3 crimson imps
  2 hounds
  2 jellies (D:5)
  An iguana (D:5)
  4 orc wizards
  2 scorpions
  5 worker ants
  Ijyb (D:4)
  A hound skeleton (D:5)
  3 gnolls (D:6)
  11 adders
  4 worms
  An adder zombie (D:5)
  5 giant geckos
  2 oozes
  20 orcs
  6 giant cockroaches
  9 hobgoblins
  A quokka (D:2)
  A ball python (D:7)
  10 bats
  6 giant newts
  12 goblins
  2 hobgoblin skeletons
  3 jackals (D:6)
  19 kobolds
  9 rats
  A rat skeleton (D:4)
163 creatures vanquished.

Notes
Turn   | Place    | Note
--------------------------------------------------------------
     0 | D:1      | Piginabag, the Formicid Hunter, began the quest for the Orb.
     0 | D:1      | Reached XP level 1. HP: 17/17 MP: 1/1
   318 | D:1      | Reached XP level 2. HP: 21/21 MP: 2/2
   771 | D:1      | Reached XP level 3. HP: 25/25 MP: 3/3
   914 | D:2      | Noticed Sigmund
   922 | D:2      | Killed Sigmund
   922 | D:2      | Reached skill level 5 in Crossbows
   922 | D:2      | Reached skill level 1 in Armour
   922 | D:2      | Reached XP level 4. HP: 30/30 MP: 4/4
   922 | D:2      | Reached XP level 5. HP: 34/34 MP: 5/5
  1140 | D:2      | Found an ancient bone altar of Kikubaaqudgha.
  1291 | D:2      | Found a deep blue altar of Sif Muna.
  1654 | D:2      | Reached skill level 6 in Crossbows
  1688 | D:3      | Reached XP level 6. HP: 18/39 MP: 6/6
  2312 | D:3      | Noticed a hippogriff
  2326 | D:3      | Killed a hippogriff
  2326 | D:3      | Reached XP level 7. HP: 17/43 MP: 7/7
  2547 | D:3      | Noticed Grinder
  2565 | D:3      | Killed Grinder
  2565 | D:3      | Reached skill level 7 in Crossbows
  3064 | D:3      | Reached XP level 8. HP: 41/48 MP: 8/8
  3452 | D:3      | Reached skill level 1 in Axes
  3549 | D:4      | Noticed Prince Ribbit
  3659 | D:4      | Noticed MirrMurr's ghost (average SpEn)
  3662 | D:4      | Killed MirrMurr's ghost
  3662 | D:4      | Reached skill level 8 in Crossbows
  4013 | D:4      | Noticed Ijyb
  4017 | D:4      | Killed Ijyb
  4160 | D:5      | Entered Level 5 of the Dungeon
  4514 | D:5      | Reached XP level 9. HP: 53/53 MP: 9/9
  4808 | D:6      | Reached skill level 9 in Crossbows
  4816 | D:6      | Noticed ReteAZ's ghost (experienced TrFi)
  4827 | D:6      | Killed ReteAZ's ghost
  4828 | D:6      | Reached skill level 10 in Crossbows
  5198 | D:6      | Found a burning altar of Makhleb.
  5320 | D:6      | Found an iron altar of Okawaru.
  5329 | D:6      | Became a worshipper of Warmaster Okawaru
  5545 | D:6      | Found a staircase to the Ecumenical Temple.
  5842 | D:7      | Noticed Blork the orc
  5848 | D:7      | Killed Blork the orc
  5850 | D:7      | Reached skill level 5 in Dodging
  6338 | D:7      | Noticed Edmund
  6343 | D:7      | Killed Edmund
  6343 | D:7      | Reached XP level 10. HP: 43/58 MP: 10/10
  6542 | D:7      | Acquired Okawaru's first power
  6571 | D:7      | Reached skill level 11 in Crossbows
  6690 | D:7      | HP: 2/58 [orc warrior/orcish war axe (16)]
  6693 | D:7      | Slain by an orc warrior

Action                   |  1- 3 |  4- 6 |  7- 9 | 10-12 || total
-------------------------+-------+-------+-------+-------++-------
Melee: Hand axe          |       |     1 |   148 |       ||   149
 Fire: Crossbow          |    39 |    91 |   176 |    38 ||   344
       Blowgun           |       |       |     5 |       ||     5
 Abil: Dig               |     2 |       |       |       ||     2
  Use: Scroll            |       |       |    11 |     5 ||    16
       Potion            |       |       |       |     6 ||     6
